Devils vs Wild

Created - March-07-13 at 18:32

Goals
1 2 3 T
Devils 0 0 1 1
Wild 0 0 0 0
Shots
1 2 3 T
Devils 8 5 6 19
Wild 6 6 11 23

1st period

No Goal

Penalties :
Roman Hamrlik (NJD) for Goalie Interference (Minor) at 0:49, Patrik Berglund (MIN) for Tripping (Minor) at 1:19, Tom Gilbert (MIN) for Hooking (Minor) at 4:30, Vladimir Sobotka (NJD) for Hooking (Minor) at 15:18

2nd period

No Goal

Penalties :
Brad Stuart (NJD) for Hooking (Minor) at 3:25, Tom Gilbert (MIN) for Roughing (Minor) at 6:07, Olli Jokinen (MIN) for Roughing (Minor) at 16:18

3rd period

1. Devils , Niklas Hjalmarsson 2 (Saku Koivu, Roman Hamrlik) at 3:51 (SH)

Penalties :
Patrick Eaves (NJD) for Roughing (Minor) at 2:05, Bobby Ryan (MIN) for Hooking (Minor) at 6:47, Michael Stone (MIN) for Hooking (Minor) at 10:44

Goalie Stats

Steve Mason (NJD), 23 saves from 23 shots - (1.000), W, 24-28-8, 60:00 minutes
Niklas Backstrom (MIN), 18 saves from 19 shots - (0.947), L, 35-25-6, 60:00 minutes

Players Stats for Devils

Player Name              G  A  P  +/- PIM S  H  SB GA TA FO     MP     PP MP  PK MP  
------------------------------------------------------------------------------------
Artem Anisimov           0  0  0   0  0   1  0  0  0  0  6/15   17:09   4:35   0:00 
Brad Stuart              0  0  0   0  2   1  2  2  0  0  0/0    22:16   4:22   2:30 
Eric Wellwood            0  0  0   0  0   2  0  0  0  0  1/1    12:52   5:27   0:00 
James van Riemsdyk       0  0  0   0  0   2  0  0  0  0  2/2    17:41   5:07   0:00 
Jordan Leopold           0  0  0   0  0   2  0  2  0  0  0/0    24:01   5:45   2:59 
Josh Bailey              0  0  0   0  0   1  1  0  0  0  0/1     8:51   0:00   0:00 
Lubomir Visnovsky        0  0  0   0  0   0  1  1  0  0  0/0    22:31   4:22   0:37 
Marcel Goc               0  0  0   0  0   0  0  0  0  0  8/18   12:07   0:00   3:44 
Mark Letestu             0  0  0   0  0   1  2  0  0  0  4/10   16:58   5:07   0:00 
Matt DAgostini           0  0  0   1  0   0  0  0  0  0  0/0    12:21   1:06   2:24 
Nikita Nikitin           0  0  0   0  0   1  0  2  0  0  0/0    17:44   6:03   0:55 
Niklas Hjalmarsson       1  0  1   1  0   1  0  0  0  0  0/0    14:36   0:18   3:02 
Patrick Eaves            0  0  0   0  2   1  0  0  0  0  0/0     9:55   0:00   1:33 
R.J. Umberger            0  0  0   0  0   0  1  0  0  0  0/0    17:55   4:35   0:00 
Roman Hamrlik            0  1  1   1  2   0  0  2  0  0  0/0    18:50   0:00   2:51 
Saku Koivu               0  1  1   1  0   4  0  0  0  0  16/30  20:46   4:43   2:43 
Tim Connolly             0  0  0   0  0   2  0  0  0  0  0/2    14:38   0:35   0:00 
Vladimir Sobotka         0  0  0   0  2   0  3  0  0  0  2/7    10:49   0:00   2:30 

Players Stats for Wild

Player Name              G  A  P  +/- PIM S  H  SB GA TA FO     MP     PP MP  PK MP  
------------------------------------------------------------------------------------
Alexei Ponikarovsky      0  0  0   0  0   1  2  0  0  0  0/0    13:14   0:00   3:23 
Bobby Ryan               0  0  0   0  2   6  1  0  0  0  0/1    19:54   3:05   0:00 
Brian Gionta             0  0  0  -1  0   4  4  0  0  0  2/3    24:58   3:22   6:59 
Brian Rolston            0  0  0   0  0   1  1  0  0  0  0/0     9:51   0:00   0:00 
Carl Gunnarsson          0  0  0   0  0   0  2  1  0  0  0/0    14:10   0:00   5:42 
Dan Hamhuis              0  0  0  -1  0   1  1  0  0  0  0/0    20:57   3:12   4:43 
Fedor Tyutin             0  0  0   0  0   1  4  2  0  0  0/0    23:21   3:15   0:00 
Henrik Tallinder         0  0  0   0  0   1  3  3  0  0  0/0    14:10   0:00   5:42 
Jason Arnott             0  0  0   0  0   0  0  0  0  0  7/13   12:11   0:00   0:00 
Manny Malhotra           0  0  0   0  0   0  0  0  0  0  11/17  10:34   0:00   6:25 
Matt Bradley             0  0  0   0  0   0  0  0  0  0  0/0     4:09   0:00   0:00 
Michael Stone            0  0  0   0  2   0  1  0  0  0  0/0     5:15   0:00   3:44 
Milan Hejduk             0  0  0   0  0   0  0  0  0  0  0/2    15:56   3:05   0:40 
Milan Michalek           0  0  0  -1  0   2  1  0  0  0  1/3    20:19   3:22   0:00 
Nicklas Lidstrom         0  0  0   0  0   2  0  2  0  0  0/0    25:01   3:15   0:59 
Olli Jokinen             0  0  0  -1  2   2  2  0  0  0  15/25  20:18   3:22   0:00 
Patrik Berglund          0  0  0   0  2   1  1  0  0  0  11/22  16:39   3:04   3:23 
Tom Gilbert              0  0  0  -1  4   1  4  0  0  0  0/0    17:03   3:12   0:00 

3 Stars

1 - Steve Mason (NJD)
2 - Niklas Backstrom (MIN)
3 - Niklas Hjalmarsson (NJD)

Power Play

Devils - 0 on 6 Attempt(s) - 0.00%
Wild - 0 on 4 Attempt(s) - 0.00%

Penalty Kill

Devils - 4 on 4 Attempt(s) - 100.00% - Score 1 goal in Penalty Kill
Wild - 6 on 6 Attempt(s) - 100.00% - Score 0 goal in Penalty Kill

Official

Referees : Brad Meier and Darcy Burchell
Linesman : Jay Sharrers and Darren Gibbs

Game Notes

No Game Note

Finance

Level 1 -- Attendance: 5769 (88.75%) -- Ticket Income $576,900
Level 2 -- Attendance: 4642 (92.84%) -- Ticket Income $278,520
Level 3 -- Attendance: 3328 (95.09%) -- Ticket Income $116,480
Level 4 -- Attendance: 2064 (100.00%) -- Ticket Income $41,280
Luxury Box -- Attendance: 1000 (100.00%) -- Ticket Income $200,000
Game was played at the Xcel Energy Center
Total Attendance: 16803 (93.02%)
Total Ticket Income: $1,213,180
Other Income: $181,977
Total Income: $1,395,157


% Time on Ice - Devils

Lines # - Real PCT - Wanted PCT - Time Play
Normal Forward
1 - 33% - 35% - 13:20
2 - 29% - 30% - 11:51
3 - 18% - 20% - 7:25
4 - 20% - 15% - 8:20
Normal Defense
1 - 35% - 35% - 14:20
2 - 37% - 35% - 15:17
3 - 25% - 20% - 10:22
4 - 2% - 10% - 0:57
PP Forward
1 - 44% - 60% - 4:35
2 - 56% - 40% - 5:50
PP Defense
1 - 58% - 60% - 6:03
2 - 42% - 40% - 4:22
PK Forward
1 - 67% - 55% - 4:18
2 - 33% - 45% - 2:09
PK Defense
1 - 47% - 55% - 3:02
2 - 53% - 45% - 3:25
PK3 Forward
1 - 0% - 50%
2 - 0% - 50%
PK3 Defense
1 - 0% - 50%
2 - 0% - 50%
44 Forward
1 - 65% - 55% - 0:58
2 - 35% - 45% - 0:31
44 Defense
1 - 61% - 55% - 0:54
2 - 39% - 45% - 0:35
Last Minute Offensive  - 0:00
Last Minute Defensive  - 0:43
Total
Forward - 60:00
Defense - 60:00

% Time on Ice - Wild

Lines # - Real PCT - Wanted PCT - Time Play
Normal Forward
1 - 36% - 40% - 14:37
2 - 30% - 30% - 12:11
3 - 24% - 20% - 9:51
4 - 10% - 10% - 4:09
Normal Defense
1 - 45% - 40% - 18:14
2 - 32% - 30% - 12:55
3 - 21% - 20% - 8:28
4 - 3% - 10% - 1:11
PP Forward
1 - 52% - 60% - 3:22
2 - 48% - 40% - 3:05
PP Defense
1 - 50% - 60% - 3:15
2 - 50% - 40% - 3:12
PK Forward
1 - 68% - 60% - 7:02
2 - 32% - 40% - 3:23
PK Defense
1 - 55% - 60% - 5:42
2 - 45% - 40% - 4:43
PK3 Forward
1 - 0% - 60%
2 - 0% - 40%
PK3 Defense
1 - 0% - 60%
2 - 0% - 40%
44 Forward
1 - 100% - 60% - 1:29
2 - 0% - 40% - 0:00
44 Defense
1 - 92% - 60% - 1:22
2 - 8% - 40% - 0:07
Last Minute Offensive  - 0:51
Last Minute Defensive  - 0:00
Total
Forward - 60:00
Defense - 60:00

Play by Play

1st period


0:01 of 1st period - Olli Jokinen wins face-off versus Tim Connolly in neutral zone.
0:20 of 1st period - Shot by Tim Connolly.
0:20 of 1st period - Stopped by Niklas Backstrom without a rebound.
0:21 of 1st period - Artem Anisimov wins face-off versus Milan Hejduk in Wild zone.
0:21 of 1st period - James van Riemsdyk is hit by Tom Gilbert and loses puck.
0:49 of 1st period - Minor Penalty to Roman Hamrlik for Goalie Interference.
0:50 of 1st period - Olli Jokinen wins face-off versus Vladimir Sobotka in Devils zone.
1:03 of 1st period - Shot by Fedor Tyutin.
1:03 of 1st period - Shot Misses the Net.
1:15 of 1st period - Shot by Brian Gionta.
1:15 of 1st period - Deflect By Milan Michalek.
1:15 of 1st period - Stopped by Steve Mason without a rebound.
1:16 of 1st period - Saku Koivu wins face-off versus Patrik Berglund in Devils zone.
1:16 of 1st period - Saku Koivu is hit by Patrik Berglund.
1:19 of 1st period - Minor Penalty to Patrik Berglund for Tripping.
1:20 of 1st period - Olli Jokinen wins face-off versus Marcel Goc in Wild zone.
1:30 of 1st period - Off-side.
1:31 of 1st period - Olli Jokinen wins face-off versus Josh Bailey in neutral zone.
1:31 of 1st period - Dan Hamhuis is hit by Josh Bailey and loses puck.
1:37 of 1st period - Off-side.
1:38 of 1st period - Marcel Goc wins face-off versus Olli Jokinen in neutral zone.
2:56 of 1st period - Shot by Saku Koivu.
2:56 of 1st period - Stopped by Niklas Backstrom without a rebound.
2:57 of 1st period - Manny Malhotra wins face-off versus Saku Koivu in Wild zone.
3:31 of 1st period - Henrik Tallinder is hit by Vladimir Sobotka and loses puck.
3:41 of 1st period - Icing by Lubomir Visnovsky.
3:42 of 1st period - Jason Arnott wins face-off versus Vladimir Sobotka in Devils zone.
3:58 of 1st period - Icing by Dan Hamhuis.
3:59 of 1st period - Saku Koivu wins face-off versus Jason Arnott in Wild zone.
4:00 of 1st period - Shot by Tim Connolly.
4:00 of 1st period - Stopped by Niklas Backstrom without a rebound.
4:01 of 1st period - Olli Jokinen wins face-off versus Saku Koivu in Wild zone.
4:27 of 1st period - Off-side.
4:28 of 1st period - Eric Wellwood wins face-off versus Jason Arnott in neutral zone.
4:30 of 1st period - Minor Penalty to Tom Gilbert for Hooking.
4:31 of 1st period - Manny Malhotra wins face-off versus Mark Letestu in Wild zone.
4:55 of 1st period - Icing by Nikita Nikitin.
4:56 of 1st period - Manny Malhotra wins face-off versus Mark Letestu in Devils zone.
4:57 of 1st period - Shot by Brian Gionta.
4:57 of 1st period - Stopped by Steve Mason without a rebound.
4:58 of 1st period - Saku Koivu wins face-off versus Manny Malhotra in Devils zone.
5:03 of 1st period - Shot by Brad Stuart.
5:03 of 1st period - Stopped by Niklas Backstrom without a rebound.
5:04 of 1st period - Manny Malhotra wins face-off versus Saku Koivu in Wild zone.
5:25 of 1st period - Icing by Jordan Leopold.
5:26 of 1st period - Saku Koivu wins face-off versus Manny Malhotra in Devils zone.
5:26 of 1st period - Saku Koivu is hit by Brian Gionta.
5:34 of 1st period - Shot by Saku Koivu.
5:34 of 1st period - Stopped by Niklas Backstrom with a rebound.
5:36 of 1st period - Shot by Jordan Leopold.
5:36 of 1st period - Stopped by Niklas Backstrom without a rebound.
5:37 of 1st period - Manny Malhotra wins face-off versus Mark Letestu in Wild zone.
6:12 of 1st period - Shot by James van Riemsdyk.
6:12 of 1st period - Shot Misses the Net.
6:40 of 1st period - Shot by Bobby Ryan.
6:40 of 1st period - Deflect By Jason Arnott.
6:40 of 1st period - Shot Misses the Net.
6:50 of 1st period - Off-side.
6:51 of 1st period - Olli Jokinen wins face-off versus Saku Koivu in neutral zone.
7:44 of 1st period - Icing by Tom Gilbert.
7:45 of 1st period - Olli Jokinen wins face-off versus Artem Anisimov in Wild zone.
8:06 of 1st period - Lubomir Visnovsky is hit by Brian Gionta and loses puck.
8:16 of 1st period - Off-side.
8:17 of 1st period - Marcel Goc wins face-off versus Patrik Berglund in neutral zone.
8:35 of 1st period - Icing by Niklas Hjalmarsson.
8:36 of 1st period - Jason Arnott wins face-off versus Marcel Goc in Devils zone.
9:00 of 1st period - Marcel Goc is hit by Carl Gunnarsson and loses puck.
9:07 of 1st period - Shot by Eric Wellwood.
9:07 of 1st period - Stopped by Niklas Backstrom without a rebound.
9:08 of 1st period - Patrik Berglund wins face-off versus Artem Anisimov in Wild zone.
9:08 of 1st period - Patrik Berglund is hit by Mark Letestu.
9:20 of 1st period - Shot by Artem Anisimov.
9:20 of 1st period - Deflect By James van Riemsdyk.
9:20 of 1st period - Shot Misses the Net.
9:27 of 1st period - James van Riemsdyk is hit by Fedor Tyutin and loses puck.
9:38 of 1st period - Roman Hamrlik is hit by Alexei Ponikarovsky and loses puck.
9:46 of 1st period - Lubomir Visnovsky is hit by Fedor Tyutin and loses puck.
11:15 of 1st period - Shot by Milan Hejduk.
11:15 of 1st period - Shot Blocked by Nikita Nikitin.
12:12 of 1st period - Shot by Brian Rolston.
12:12 of 1st period - Shot Misses the Net.
12:17 of 1st period - Off-side.
12:18 of 1st period - Artem Anisimov wins face-off versus Milan Michalek in neutral zone.
12:18 of 1st period - Artem Anisimov is hit by Olli Jokinen.
12:31 of 1st period - Artem Anisimov is hit by Henrik Tallinder and loses puck.
12:40 of 1st period - Shot by Mark Letestu.
12:40 of 1st period - Stopped by Niklas Backstrom without a rebound.
12:41 of 1st period - Patrik Berglund wins face-off versus Saku Koivu in Wild zone.
13:24 of 1st period - Shot by Alexei Ponikarovsky.
13:24 of 1st period - Shot Misses the Net.
14:27 of 1st period - Icing by Brian Gionta.
14:28 of 1st period - Marcel Goc wins face-off versus Olli Jokinen in Wild zone.
14:53 of 1st period - Shot by Eric Wellwood.
14:53 of 1st period - Shot Blocked by Fedor Tyutin.
14:55 of 1st period - Shot by Niklas Hjalmarsson.
14:55 of 1st period - Shot Misses the Net.
15:18 of 1st period - Minor Penalty to Vladimir Sobotka for Hooking.
15:19 of 1st period - Marcel Goc wins face-off versus Patrik Berglund in Devils zone.
15:33 of 1st period - Shot by Nicklas Lidstrom.
15:33 of 1st period - Stopped by Steve Mason without a rebound.
15:34 of 1st period - Marcel Goc wins face-off versus Olli Jokinen in Devils zone.
16:37 of 1st period - Shot by Fedor Tyutin.
16:37 of 1st period - Stopped by Steve Mason without a rebound.
16:38 of 1st period - Olli Jokinen wins face-off versus Marcel Goc in Devils zone.
17:22 of 1st period - Icing by Lubomir Visnovsky.
17:23 of 1st period - Patrik Berglund wins face-off versus Artem Anisimov in Devils zone.
17:26 of 1st period - Shot by Alexei Ponikarovsky.
17:26 of 1st period - Stopped by Steve Mason without a rebound.
17:27 of 1st period - James van Riemsdyk wins face-off versus Jason Arnott in Devils zone.
17:32 of 1st period - Shot by Jordan Leopold.
17:32 of 1st period - Shot Misses the Net.
17:44 of 1st period - Shot by Bobby Ryan.
17:44 of 1st period - Stopped by Steve Mason without a rebound.
17:45 of 1st period - Patrik Berglund wins face-off versus Saku Koivu in Devils zone.
18:13 of 1st period - Icing by Roman Hamrlik.
18:14 of 1st period - Manny Malhotra wins face-off versus Saku Koivu in Devils zone.
18:18 of 1st period - Icing by Saku Koivu.
18:19 of 1st period - Olli Jokinen wins face-off versus Saku Koivu in Devils zone.
18:58 of 1st period - Roman Hamrlik is hit by Olli Jokinen.
19:13 of 1st period - Icing by Milan Michalek.
19:14 of 1st period - James van Riemsdyk wins face-off versus Olli Jokinen in Wild zone.
19:25 of 1st period - Shot by Artem Anisimov.
19:25 of 1st period - Shot Misses the Net.
19:27 of 1st period - Shot by Brad Stuart.
19:27 of 1st period - Shot Blocked by Nicklas Lidstrom.
19:35 of 1st period - Shot by James van Riemsdyk.
19:35 of 1st period - Shot Blocked by Fedor Tyutin.

2nd period


0:01 of 2nd period - Saku Koivu wins face-off versus Jason Arnott in neutral zone.
0:11 of 2nd period - Icing by Nicklas Lidstrom.
0:12 of 2nd period - Jason Arnott wins face-off versus Vladimir Sobotka in Wild zone.
0:19 of 2nd period - Shot by Milan Hejduk.
0:19 of 2nd period - Deflect By Bobby Ryan.
0:19 of 2nd period - Stopped by Steve Mason without a rebound.
0:20 of 2nd period - Saku Koivu wins face-off versus Olli Jokinen in Devils zone.
0:27 of 2nd period - Icing by Brian Gionta.
0:28 of 2nd period - Brian Gionta wins face-off versus Saku Koivu in Wild zone.
1:08 of 2nd period - Off-side.
1:09 of 2nd period - Jason Arnott wins face-off versus Artem Anisimov in neutral zone.
1:11 of 2nd period - Dan Hamhuis is hit by Lubomir Visnovsky.
2:15 of 2nd period - Lubomir Visnovsky is hit by Henrik Tallinder.
2:37 of 2nd period - Shot by Patrik Berglund.
2:37 of 2nd period - Shot Blocked by Jordan Leopold.
2:46 of 2nd period - Jordan Leopold is hit by Brian Rolston and loses puck.
3:02 of 2nd period - Nicklas Lidstrom is hit by Vladimir Sobotka and loses puck.
3:25 of 2nd period - Minor Penalty to Brad Stuart for Hooking.
3:26 of 2nd period - Saku Koivu wins face-off versus Patrik Berglund in Devils zone.
3:44 of 2nd period - Shot by Tom Gilbert.
3:44 of 2nd period - Shot Misses the Net.
4:46 of 2nd period - Jordan Leopold is hit by Brian Gionta and loses puck.
4:58 of 2nd period - Icing by Nicklas Lidstrom.
4:59 of 2nd period - Milan Michalek wins face-off versus Marcel Goc in Wild zone.
5:16 of 2nd period - Niklas Hjalmarsson is hit by Bobby Ryan and loses puck.
5:28 of 2nd period - Bobby Ryan is hit by Brad Stuart and loses puck.
5:43 of 2nd period - Shot by Bobby Ryan.
5:43 of 2nd period - Stopped by Steve Mason without a rebound.
5:44 of 2nd period - Patrik Berglund wins face-off versus Saku Koivu in Devils zone.
5:52 of 2nd period - Nikita Nikitin is hit by Alexei Ponikarovsky and loses puck.
6:06 of 2nd period - Tim Connolly is hit by Tom Gilbert and loses puck.
6:07 of 2nd period - Minor Penalty to Tom Gilbert for Roughing.
6:08 of 2nd period - Manny Malhotra wins face-off versus Mark Letestu in Wild zone.
6:43 of 2nd period - Shot by Brad Stuart.
6:43 of 2nd period - Deflect By James van Riemsdyk.
6:43 of 2nd period - Stopped by Niklas Backstrom without a rebound.
6:44 of 2nd period - Saku Koivu wins face-off versus Manny Malhotra in Wild zone.
6:45 of 2nd period - Shot by Nikita Nikitin.
6:45 of 2nd period - Deflect By Saku Koivu.
6:45 of 2nd period - Shot Misses the Net.
7:04 of 2nd period - Icing by Nikita Nikitin.
7:05 of 2nd period - Saku Koivu wins face-off versus Patrik Berglund in Devils zone.
7:58 of 2nd period - Shot by Lubomir Visnovsky.
7:58 of 2nd period - Shot Misses the Net.
8:00 of 2nd period - Shot by Brad Stuart.
8:00 of 2nd period - Shot Misses the Net.
8:28 of 2nd period - Shot by Josh Bailey.
8:28 of 2nd period - Stopped by Niklas Backstrom with a rebound.
9:40 of 2nd period - Shot by Alexei Ponikarovsky.
9:40 of 2nd period - Shot Misses the Net.
9:42 of 2nd period - Shot by Dan Hamhuis.
9:42 of 2nd period - Stopped by Steve Mason with a rebound.
10:25 of 2nd period - Icing by Brad Stuart.
10:26 of 2nd period - Saku Koivu wins face-off versus Olli Jokinen in Devils zone.
11:57 of 2nd period - Icing by Bobby Ryan.
11:58 of 2nd period - Manny Malhotra wins face-off versus Artem Anisimov in Wild zone.
12:21 of 2nd period - Shot by James van Riemsdyk.
12:21 of 2nd period - Shot Misses the Net.
13:44 of 2nd period - Shot by Tim Connolly.
13:44 of 2nd period - Shot Blocked by Nicklas Lidstrom.
14:36 of 2nd period - Shot by Brian Gionta.
14:36 of 2nd period - Stopped by Steve Mason without a rebound.
14:37 of 2nd period - Vladimir Sobotka wins face-off versus Patrik Berglund in Devils zone.
15:05 of 2nd period - Shot by Brian Rolston.
15:05 of 2nd period - Shot Blocked by Brad Stuart.
15:07 of 2nd period - Shot by Alexei Ponikarovsky.
15:07 of 2nd period - Shot Blocked by Brad Stuart.
15:09 of 2nd period - Shot by Henrik Tallinder.
15:09 of 2nd period - Shot Misses the Net.
15:11 of 2nd period - Shot by Alexei Ponikarovsky.
15:11 of 2nd period - Deflect By Patrik Berglund.
15:11 of 2nd period - Shot Blocked by Jordan Leopold.
15:18 of 2nd period - Icing by Brad Stuart.
15:19 of 2nd period - Vladimir Sobotka wins face-off versus Olli Jokinen in Devils zone.
15:19 of 2nd period - Vladimir Sobotka is hit by Milan Michalek.
15:51 of 2nd period - Shot by Brian Gionta.
15:51 of 2nd period - Stopped by Steve Mason without a rebound.
15:52 of 2nd period - Patrik Berglund wins face-off versus Artem Anisimov in Devils zone.
16:03 of 2nd period - Shot by Brian Rolston.
16:03 of 2nd period - Stopped by Steve Mason without a rebound.
16:04 of 2nd period - Brian Gionta wins face-off versus Saku Koivu in Devils zone.
16:13 of 2nd period - Shot by Olli Jokinen.
16:13 of 2nd period - Shot Blocked by Nikita Nikitin.
16:18 of 2nd period - Minor Penalty to Olli Jokinen for Roughing.
16:19 of 2nd period - Mark Letestu wins face-off versus Patrik Berglund in Wild zone.
16:19 of 2nd period - Nikita Nikitin is hit by Carl Gunnarsson and loses puck.
16:22 of 2nd period - Shot by Mark Letestu.
16:22 of 2nd period - Shot Misses the Net.
16:26 of 2nd period - Shot by Mark Letestu.
16:26 of 2nd period - Shot Misses the Net.
16:42 of 2nd period - Shot by James van Riemsdyk.
16:42 of 2nd period - Shot Blocked by Carl Gunnarsson.
16:44 of 2nd period - Shot by Jordan Leopold.
16:44 of 2nd period - Stopped by Niklas Backstrom with a rebound.
16:46 of 2nd period - Shot by Jordan Leopold.
16:46 of 2nd period - Shot Blocked by Henrik Tallinder.
16:52 of 2nd period - Shot by Jordan Leopold.
16:52 of 2nd period - Shot Misses the Net.
16:54 of 2nd period - Shot by Jordan Leopold.
16:54 of 2nd period - Shot Blocked by Henrik Tallinder.
17:36 of 2nd period - Shot by Artem Anisimov.
17:36 of 2nd period - Stopped by Niklas Backstrom without a rebound.
17:37 of 2nd period - Mark Letestu wins face-off versus Manny Malhotra in Wild zone.
17:51 of 2nd period - Icing by Jordan Leopold.
17:52 of 2nd period - Mark Letestu wins face-off versus Manny Malhotra in Devils zone.
19:17 of 2nd period - Lubomir Visnovsky is hit by Dan Hamhuis and loses puck.
19:25 of 2nd period - Off-side.
19:26 of 2nd period - Saku Koivu wins face-off versus Olli Jokinen in neutral zone.
19:26 of 2nd period - Nikita Nikitin is hit by Brian Gionta and loses puck.
19:47 of 2nd period - Tim Connolly is hit by Henrik Tallinder and loses puck.
19:50 of 2nd period - Shot by Saku Koivu.
19:50 of 2nd period - Stopped by Niklas Backstrom without a rebound.
19:51 of 2nd period - Artem Anisimov wins face-off versus Patrik Berglund in Wild zone.

3rd period


0:01 of 3rd period - Olli Jokinen wins face-off versus Mark Letestu in neutral zone.
0:23 of 3rd period - Icing by Jordan Leopold.
0:24 of 3rd period - Artem Anisimov wins face-off versus Bobby Ryan in Devils zone.
0:47 of 3rd period - Shot by James van Riemsdyk.
0:47 of 3rd period - Stopped by Niklas Backstrom without a rebound.
0:48 of 3rd period - Saku Koivu wins face-off versus Olli Jokinen in Wild zone.
0:48 of 3rd period - Saku Koivu is hit by Fedor Tyutin.
1:18 of 3rd period - Shot by R.J. Umberger.
1:18 of 3rd period - Shot Misses the Net.
1:20 of 3rd period - Shot by Nikita Nikitin.
1:20 of 3rd period - Shot Misses the Net.
1:23 of 3rd period - R.J. Umberger is hit by Fedor Tyutin and loses puck.
1:51 of 3rd period - Icing by Brad Stuart.
1:52 of 3rd period - Jason Arnott wins face-off versus Marcel Goc in Devils zone.
2:05 of 3rd period - Minor Penalty to Patrick Eaves for Roughing.
2:06 of 3rd period - Patrik Berglund wins face-off versus Marcel Goc in Devils zone.
2:07 of 3rd period - Shot by Dan Hamhuis.
2:07 of 3rd period - Shot Misses the Net.
2:09 of 3rd period - Shot by Dan Hamhuis.
2:09 of 3rd period - Shot Blocked by Roman Hamrlik.
2:11 of 3rd period - Shot by Bobby Ryan.
2:11 of 3rd period - Shot Blocked by Roman Hamrlik.
2:13 of 3rd period - Shot by Patrik Berglund.
2:13 of 3rd period - Stopped by Steve Mason without a rebound.
2:14 of 3rd period - Patrik Berglund wins face-off versus Vladimir Sobotka in Devils zone.
2:21 of 3rd period - Shot by Bobby Ryan.
2:21 of 3rd period - Stopped by Steve Mason without a rebound.
2:22 of 3rd period - Patrik Berglund wins face-off versus Marcel Goc in Devils zone.
3:42 of 3rd period - Icing by Dan Hamhuis.
3:43 of 3rd period - Saku Koivu wins face-off versus Brian Gionta in Wild zone.
3:43 of 3rd period - Roman Hamrlik is hit by Tom Gilbert.
3:48 of 3rd period - Saku Koivu is hit by Tom Gilbert and loses puck.
3:51 of 3rd period - Shot by Niklas Hjalmarsson.
3:51 of 3rd period - Goal by Niklas Hjalmarsson - Devils : 1 - Wild : 0.
3:52 of 3rd period - Olli Jokinen wins face-off versus Marcel Goc in neutral zone.
3:57 of 3rd period - Shot by Olli Jokinen.
3:57 of 3rd period - Stopped by Steve Mason without a rebound.
3:58 of 3rd period - Marcel Goc wins face-off versus Olli Jokinen in Devils zone.
4:35 of 3rd period - Shot by Manny Malhotra.
4:35 of 3rd period - Deflect By Bobby Ryan.
4:35 of 3rd period - Stopped by Steve Mason with a rebound.
4:37 of 3rd period - Shot by Bobby Ryan.
4:37 of 3rd period - Shot Misses the Net.
5:31 of 3rd period - Shot by Brian Gionta.
5:31 of 3rd period - Stopped by Steve Mason with a rebound.
5:33 of 3rd period - Shot by Milan Michalek.
5:33 of 3rd period - Shot Misses the Net.
5:35 of 3rd period - Shot by Nicklas Lidstrom.
5:35 of 3rd period - Shot Misses the Net.
5:42 of 3rd period - Icing by Lubomir Visnovsky.
5:43 of 3rd period - Artem Anisimov wins face-off versus Patrik Berglund in Devils zone.
5:59 of 3rd period - Off-side.
6:00 of 3rd period - Saku Koivu wins face-off versus Milan Hejduk in neutral zone.
6:07 of 3rd period - Shot by Jordan Leopold.
6:07 of 3rd period - Shot Hit the Post.
6:09 of 3rd period - Shot by Tim Connolly.
6:09 of 3rd period - Shot Misses the Net.
6:13 of 3rd period - Shot by Saku Koivu.
6:13 of 3rd period - Shot Blocked by Henrik Tallinder.
6:47 of 3rd period - Minor Penalty to Bobby Ryan for Hooking.
6:48 of 3rd period - Manny Malhotra wins face-off versus Saku Koivu in Wild zone.
8:00 of 3rd period - Henrik Tallinder is hit by R.J. Umberger and loses puck.
8:23 of 3rd period - Shot by Nikita Nikitin.
8:23 of 3rd period - Stopped by Niklas Backstrom without a rebound.
8:24 of 3rd period - Manny Malhotra wins face-off versus Mark Letestu in Wild zone.
8:33 of 3rd period - Shot by Henrik Tallinder.
8:33 of 3rd period - Stopped by Steve Mason with a rebound.
9:26 of 3rd period - Shot by Milan Hejduk.
9:26 of 3rd period - Shot Blocked by Lubomir Visnovsky.
9:28 of 3rd period - Shot by Nicklas Lidstrom.
9:28 of 3rd period - Shot Misses the Net.
9:30 of 3rd period - Shot by Bobby Ryan.
9:30 of 3rd period - Stopped by Steve Mason without a rebound.
9:31 of 3rd period - Patrik Berglund wins face-off versus Tim Connolly in Devils zone.
10:04 of 3rd period - Shot by Tim Connolly.
10:04 of 3rd period - Shot Misses the Net.
10:06 of 3rd period - Shot by Saku Koivu.
10:06 of 3rd period - Shot Misses the Net.
10:23 of 3rd period - Dan Hamhuis is hit by Brad Stuart.
10:34 of 3rd period - Brad Stuart is hit by Michael Stone and loses puck.
10:44 of 3rd period - Minor Penalty to Michael Stone for Hooking.
10:45 of 3rd period - Manny Malhotra wins face-off versus Saku Koivu in Wild zone.
11:26 of 3rd period - Icing by James van Riemsdyk.
11:27 of 3rd period - Mark Letestu wins face-off versus Manny Malhotra in Devils zone.
11:32 of 3rd period - Shot by Carl Gunnarsson.
11:32 of 3rd period - Shot Misses the Net.
11:48 of 3rd period - Shot by Jordan Leopold.
11:48 of 3rd period - Shot Misses the Net.
11:50 of 3rd period - Shot by James van Riemsdyk.
11:50 of 3rd period - Shot Misses the Net.
11:52 of 3rd period - Shot by Eric Wellwood.
11:52 of 3rd period - Stopped by Niklas Backstrom without a rebound.
11:53 of 3rd period - Patrik Berglund wins face-off versus Saku Koivu in Wild zone.
12:51 of 3rd period - Jason Arnott is hit by Vladimir Sobotka.
12:52 of 3rd period - Icing by Jason Arnott.
12:53 of 3rd period - Jason Arnott wins face-off versus Vladimir Sobotka in Wild zone.
14:18 of 3rd period - Icing by Patrik Berglund.
14:19 of 3rd period - Saku Koivu wins face-off versus Patrik Berglund in Wild zone.
14:24 of 3rd period - Shot by R.J. Umberger.
14:24 of 3rd period - Shot Misses the Net.
14:29 of 3rd period - Off-side.
14:30 of 3rd period - Olli Jokinen wins face-off versus Marcel Goc in neutral zone.
14:51 of 3rd period - Shot by Olli Jokinen.
14:51 of 3rd period - Deflect By Milan Michalek.
14:51 of 3rd period - Stopped by Steve Mason without a rebound.
14:52 of 3rd period - Saku Koivu wins face-off versus Patrik Berglund in Devils zone.
15:59 of 3rd period - Shot by Olli Jokinen.
15:59 of 3rd period - Stopped by Steve Mason without a rebound.
16:00 of 3rd period - Marcel Goc wins face-off versus Jason Arnott in Devils zone.
16:11 of 3rd period - Shot by Marcel Goc.
16:11 of 3rd period - Shot Misses the Net.
16:17 of 3rd period - Shot by Patrick Eaves.
16:17 of 3rd period - Stopped by Niklas Backstrom without a rebound.
16:18 of 3rd period - Olli Jokinen wins face-off versus Artem Anisimov in Wild zone.
16:18 of 3rd period - Olli Jokinen is hit by Mark Letestu.
16:27 of 3rd period - Off-side.
16:28 of 3rd period - Marcel Goc wins face-off versus Jason Arnott in neutral zone.
16:59 of 3rd period - Shot by Nicklas Lidstrom.
16:59 of 3rd period - Stopped by Steve Mason without a rebound.
17:00 of 3rd period - Olli Jokinen wins face-off versus Artem Anisimov in Devils zone.
17:05 of 3rd period - Shot by Olli Jokinen.
17:05 of 3rd period - Shot Misses the Net.
17:07 of 3rd period - Shot by Tom Gilbert.
17:07 of 3rd period - Stopped by Steve Mason without a rebound.
17:08 of 3rd period - Olli Jokinen wins face-off versus Artem Anisimov in Devils zone.
18:08 of 3rd period - Shot by Saku Koivu.
18:08 of 3rd period - Stopped by Niklas Backstrom without a rebound.
18:09 of 3rd period - Jason Arnott wins face-off versus Marcel Goc in Wild zone.
18:32 of 3rd period - Shot by Bobby Ryan.
18:32 of 3rd period - Shot Misses the Net.
19:29 of 3rd period - Off-side.
19:30 of 3rd period - Artem Anisimov wins face-off versus Milan Michalek in neutral zone.


Output by the SimonT Hockey Simulator (STHS) for Stephane Roy -- Original Page W3C XHTML 1.0 Valid
Hockey Simulator - Hockey Simulation - Hockey Manager